 Dungeon Crawl Stone Soup version 0.28.0-45-g0d030f2227 (webtiles) character file.

Game seed: 6977290482125568880

354 MeArio the Skirmisher (level 6, -6/56 HPs)
             Began as a Minotaur Fighter on Apr 12, 2022.
             Mangled by Duvessa
             ... wielding a +0 short sword
              (11 damage)
             ... on level 4 of the Dungeon.
             The game lasted 00:12:25 (4503 turns).

MeArio the Skirmisher (Minotaur Fighter)            Turns: 4503, Time: 00:12:26

Health: -6/56      AC: 14    Str: 22    XL:     6   Next: 35%
Magic:  5/5        EV:  6    Int:  5    God:
Gold:   207        SH:  5    Dex: 10    Spells: 5/5 levels left

rFire   . . .      SeeInvis .   a - +0 long sword
rCold   . . .      Faith    .   c - +0 buckler
rNeg    . . .      Spirit   .   i - +0 plate armour
rPois   .          Reflect  .   (helmet restricted)
rElec   .          Harm     .   o - +0 cloak
rCorr   .          Rampage  .   (no gloves)
Will    .....                   k - +0 pair of boots
Stlth   ..........              (no amulet)
HPRegen 0.18/turn               (no ring)
MPRegen 0.09/turn               (no ring)

@: lit by a corona, glowing
A: horns 2, retaliatory headbutt
a: no special abilities


You were on level 4 of the Dungeon.
You visited 1 branch of the dungeon, and saw 4 of its levels.

You collected 207 gold pieces.

Inventory:

Hand Weapons
 a - a +0 long sword (weapon)
 m - a +0 short sword
Missiles
 p - 5 curare-tipped darts (quivered)
Armour
 b - a +0 scale mail
 c - a +0 buckler (worn)
 h - the +0 leather armour of Welli {rN+ Str+3 Dex+4}
   (You found it on level 2 of the Dungeon)

   Str:       It affects your strength (+3).
   Dex:       It affects your dexterity (+4).
   rN:        It protects you from negative energy.
 i - a +0 plate armour (worn)
 k - a +0 pair of boots (worn)
 o - a +0 cloak (worn)
 s - a +2 ring mail of willpower
Wands
 d - a wand of polymorph (9)
Scrolls
 g - 5 scrolls of identify
 n - a scroll of enchant weapon {unknown}
 q - a scroll of amnesia {unknown}
Potions
 e - a potion of ambrosia {unknown}
 f - a potion of degeneration
 j - a potion of brilliance
 l - a potion of attraction {unknown}
 r - a potion of curing {unknown}


   Skills:
 + Level 5.3 Fighting
 + Level 4.5 Long Blades
 + Level 5.3 Armour
 + Level 5.3 Shields


You had 5 spell levels left.
You didn't know any spells.
Your spell library contained the following spells:

 Spells                   Type           Power      Damage    Failure   Level
 Ensorcelled Hibernation  Hex/Ice        0%         N/A       100%        2
 Passwall                 Tmut/Erth      0%         N/A       100%        2
 Gell's Gravitas          Tloc           0%         N/A       100%        3
 Swiftness                Air            0%         N/A       100%        3
 Teleport Other           Tloc           0%         N/A       100%        3
 Dispersal                Tloc           0%         N/A       100%        6


Dungeon Overview and Level Annotations

Branches:
Dungeon (4/15)
 Temple: D:4-7

Altars:
Makhleb

Shops:
D:1 [

Annotations:
D:4 Duvessa


Innate Abilities, Weirdness & Mutations

You have a pair of horns on your head.
You reflexively headbutt those who attack you in melee.


Message History

Duvessa is lightly wounded.
You block Duvessa's attack. Duvessa hits you but does no damage.
You hit Duvessa. You headbutt Duvessa.
Duvessa is moderately wounded.
Duvessa barely misses you. You furiously retaliate!
You headbutt Duvessa! Duvessa hits you but does no damage.
You hit Duvessa. You headbutt Duvessa, but do no damage.
Duvessa is heavily wounded.
Duvessa hits you with a +0 short sword! Duvessa hits you but does no damage.
You slash Duvessa!
Duvessa is severely wounded.
Duvessa closely misses you.
You hit Duvessa.
Duvessa is severely wounded.
Duvessa hits you with a +0 short sword! You block Duvessa's attack.
You hit Duvessa but do no damage.
Duvessa is severely wounded.
Duvessa hits you but does no damage. x2
You barely miss Duvessa. You headbutt Duvessa, but do no damage.
Duvessa is severely wounded.
Duvessa barely misses you. Duvessa hits you but does no damage.
You slash Duvessa!
Duvessa is almost dead.
You block Duvessa's attack. Duvessa hits you with a +0 short sword.
You hit Duvessa but do no damage. You headbutt Duvessa.
Duvessa is almost dead.
Duvessa hits you but does no damage. Duvessa hits you with a +0 short sword.
* * * LOW HITPOINT WARNING * * *
You hit Duvessa. Your headbutt misses Duvessa.
Duvessa is almost dead.
Duvessa hits you but does no damage.
You barely miss Duvessa. You headbutt Duvessa.
Duvessa is almost dead.
Duvessa hits you with a +0 short sword!
* * * LOW HITPOINT WARNING * * *
Duvessa barely misses you.
You hit Duvessa but do no damage.
Duvessa is almost dead.
Duvessa hits you but does no damage. Duvessa hits you with a +0 short sword!
You die...

..#.######.#.###.# ..#.#
#.#.# #.# #.#.# #.#.# #.#
..#.# #.#.# #.# ..#.#
#.#.# #|# ..#.#
#.#.###.########
#.#.######.#.#......e....
..#...[(...#.#.#e########
#########..#.#.#@####
#..........#...#.)..#
###.......(###.#..#.##
(...####.#...........#
###.#........#########
#.#....#..<.......#
#......#.#.######.#
#.#.............#.#
###.#...............#


You could see Duvessa (berserk).

Vanquished Creatures
  Dowan (D:4)
  A hound (D:4)
  An iguana (D:4)
  Natasha (thrice) (D:2)
  Robin (D:2)
  A howler monkey skeleton (D:4)
  5 adders
  A white imp (D:4)
  An adder skeleton (D:4)
  3 worms
  3 dart slugs
  5 orcs
  6 endoplasms
  18 goblins
  7 hobgoblins
  4 quokkas
  9 ball pythons
  5 bats
  2 frilled lizards
  7 kobolds
  6 rats
90 creatures vanquished.

Vanquished Creatures (others)
  31 plants (D:2)
31 creatures vanquished.

Grand Total: 121 creatures vanquished

Notes
Turn   | Place    | Note
-------+----------+-------------------------------------------
     0 | D:1      | MeArio the Minotaur Fighter began the quest for the Orb.
     0 | D:1      | Reached XP level 1. HP: 19/19 MP: 0/0
   378 | D:1      | Reached XP level 2. HP: 25/27 MP: 1/1
   451 | D:1      | Found Lyod's Antique Armour Boutique.
   851 | D:1      | Found a faded altar of an unknown god.
  1303 | D:2      | Reached XP level 3. HP: 27/33 MP: 2/2
  1714 | D:2      | Noticed Robin
  1722 | D:2      | Killed Robin
  1727 | D:2      | Reached XP level 4. HP: 30/40 MP: 3/3
  1800 | D:2      | Noticed Natasha
  1809 | D:2      | Killed Natasha
  2096 | D:2      | Identified the +0 leather armour of Welli {rN+ Str+3 Dex+4}
  2156 | D:2      | Noticed Natasha
  2167 | D:2      | Killed Natasha
  2182 | D:2      | Reached XP level 5. HP: 44/47 MP: 4/4
  2336 | D:2      | Noticed Natasha
  2352 | D:2      | Killed Natasha
  3397 | D:3      | Reached skill level 5 in Armour
  3397 | D:3      | Reached skill level 5 in Shields
  3719 | D:4      | Found a burning altar of Makhleb.
  3777 | D:4      | Reached skill level 5 in Fighting
  4056 | D:4      | Reached XP level 6. HP: 56/56 MP: 5/5
  4468 | D:4      | Noticed Dowan
  4483 | D:4      | Noticed Duvessa
  4488 | D:4      | Killed Dowan
  4503 | D:4      | Mangled by Duvessa

Illustrated notes

Levels and vault maps discovered:
D:1:      dpeg_arrival_rooms_with_view, layout_basic, serial_shops,
          nicolae_square_shop, shapermc_ecumenical_altar_acropolis
D:2:      layout_basic, serial_bayou_lagoon_a, minmay_shallow_snake_nest,
          uniq_robin, uniq_natasha
D:3:      layout_basic
D:4:      layout_basic, bloody_makhleb, st_stairs_12, uniq_duvessa

Skill      XL: |  1  2  3  4  5 |
---------------+----------------+-----
Armour         | 4 5 |  5.3
Fighting       | 4 5 |  5.3
Long Blades    | 3 4 |  4.5
Shields        | 4 5 |  5.3

Action                   |  1- 3 |  4- 6 || total
-------------------------+-------+-------++-------
Melee: Long sword        |    76 |   151 ||   227
       Headbutt          |     7 |    28 ||    35
  Use: Scroll            |     1 |     3 ||     4
       Potion            |     1 |       ||     1
Armor: Scale mail        |    37 |    32 ||    69
       Plate armour      |       |    29 ||    29
Dodge: Dodged            |    30 |    34 ||    64
Block: Buckler           |    18 |    22 ||    40
